 Dungeon Sprint DCSS version 0.30-a0-799-g109b55a442 (webtiles) character file.

Game seed: 18009821548285662781

168 BigDaddyOpFi the Cleaver (level 5, -9/52 HPs)
             Began as a Hill Orc Berserker on Feb 20, 2023.
             Was a Believer of Trog.
             Killed from afar by an oklob sapling wizard (30 damage)
             ... with a splash of acid
             ... in the Dungeon (Sprint IV: "Fedhas' Mad Dash").
             The game lasted 00:01:02 (1027 turns).

BigDaddyOpFi the Cleaver (Hill Orc Berserker)       Turns: 1027, Time: 00:01:02

Health: -9/52      AC: -1    Str: 22    XL:     5   Next: 48%
Magic:  5/5        EV: 13    Int:  7    God:    Trog [**....]
Gold:   81         SH:  0    Dex: 10    Spells: 4/4 levels left

rFire   . . .      SeeInvis .    a - +0 hand axe
rCold   . . .      Faith    .    (no shield)
rNeg    . . .      Spirit   .    b - +0 animal skin
rPois   .          Reflect  .    (no helmet)
rElec   .          Harm     .    (no cloak)
rCorr   .          Rampage  .    (no gloves)
Will    .....      NoTele   +    (no boots)
Stlth   +                        j - amulet of invisibility {+Inv}
HPRegen 0.28/turn                (no ring)
MPRegen 0.09/turn                (no ring)

@: corroded
A: no striking features
a: Renounce Religion, Evoke Invisibility, Berserk, Trog's Hand


You were in the Dungeon.
You worshipped Trog.
Trog was pleased with you.
You visited 1 branch You collected 81 gold pieces.

Inventory:

Hand Weapons
 a - a +0 hand axe (weapon)
Armour
 b - a +0 animal skin (worn)
Jewellery
 j - the amulet of invisibility (around neck) {+Inv}
   (You found it in the Dungeon)

   [amulet of nothing]

   +Inv:      It lets you turn invisible.
Scrolls
 k - a scroll of immolation {unknown}
Potions
 c - a potion of curing
 d - a potion of heal wounds
 e - a potion of haste
 f - 2 potions of magic
 g - a potion of berserk rage
 i - 2 potions of flight {unknown}


   Skills:
 + Level 7.3 Fighting
 + Level 8.0 Axes
 + Level 6.2 Armour
 + Level 4.6 Dodging


You had 4 spell levels left.
You didn't know any spells.
Your spell library was empty.

Dungeon Overview and Level Annotations

Branches:
Dungeon (1/1)

Altars:
Cheibriados
Dithmenos
Elyvilon
Gozag
Hepliaklqana
Kikubaaqudgha
Makhleb
Nemelex Xobeh
Okawaru
Qazlal
Ru
Sif Muna
Trog
Uskayaw
Vehumet
Wu Jian
Xom
Yredelemnul
Zin
The Shining One
Beogh
Jiyva
Lugonu

Annotations:
D exclusion: oklob sapling


Message History

You start resting.
You flicker back into view.
You are no longer berserk.
You are exhausted.
You feel yourself slow down.
You start resting.
Your magical contamination has completely faded away.
You start resting.
HP restored.
You start waiting.
You feel yourself speed up.
You start waiting.
You recover from your berserk rage.
There is an iron altar of Okawaru here.
There is a stormy altar of Qazlal here.
You kneel at the altar of Qazlal.
Okay, then.
There is an iron altar of Okawaru here.
There is a shimmering altar of Xom here.
There is an ornate altar of the Wu Jian Council here.
There is an open door here.
There is an open door here.
There is a sacrificial altar of Ru here.
There is a shimmering blue altar of Sif Muna here.
There is a bloodstained altar of Trog here.
There is a hide-covered altar of Uskayaw here.
There is a radiant altar of Vehumet here.
You open the door.
An oklob sapling wizard comes into view.
Marking area around an oklob sapling wizard as unsafe for travelling.
Found a hand axe and a scroll of blinking.
The oklob sapling wizard spits acid at you.
The splash of acid hits you!! The acid corrodes you!
There is an open door here.
The oklob sapling wizard stares at you and mumbles some strange words.
The magic dart hits you!
You hit the oklob sapling wizard but do no damage.
The oklob sapling wizard spits acid at you.
The splash of acid hits you!!
Ouch! That really hurt!
You die...

###################
.#.⌠._._._._.⌠.#.)+
.'.._._._._._..'@P#
.#..._._._._...#..#
##.._._._._._..#.?#
.#._._._._._.⌠.####
.############### ##


You could see an oklob sapling wizard.

Vanquished Creatures
  A scorpion (D)
  3 oklob saplings (D)
  A river rat (D)
  A rat (D)
6 creatures vanquished.

Notes
Turn   | Place    | Note
-------+----------+-------------------------------------------
     0 | D        | BigDaddyOpFi the Hill Orc Berserker began the quest for the
                  | Orb.
     0 | D        | Reached XP level 1. HP: 19/19 MP: 1/1
    17 | D        | Reached XP level 2. HP: 12/28 MP: 2/2
   189 | D        | Noticed an oklob sapling
   192 | D        | Killed an oklob sapling
   193 | D        | Reached skill level 5 in Fighting
   193 | D        | Reached skill level 5 in Axes
   193 | D        | Reached XP level 3. HP: 36/36 MP: 3/3
   237 | D        | Noticed a scorpion
   237 | D        | Found the amulet of invisibility {+Inv}
   245 | D        | Killed a scorpion
   245 | D        | Reached ** piety under Trog
   246 | D        | Reached skill level 6 in Axes
   246 | D        | Reached skill level 5 in Armour
   246 | D        | Reached XP level 4. HP: 45/45 MP: 4/4
   305 | D        | Reached skill level 7 in Axes
   305 | D        | Reached XP level 5. HP: 37/51 MP: 5/5
   629 | D        | Found an opulent altar of Gozag.
   629 | D        | Found a hazy altar of Hepliaklqana.
   629 | D        | Found a burning altar of Makhleb.
   629 | D        | Found a roughly hewn altar of Beogh.
   629 | D        | Found a sparkling altar of Nemelex Xobeh.
   629 | D        | Found a snail-covered altar of Cheibriados.
   629 | D        | Found a sacrificial altar of Ru.
   629 | D        | Found a shimmering blue altar of Sif Muna.
   629 | D        | Found a shimmering altar of Xom.
   629 | D        | Found a basalt altar of Yredelemnul.
   630 | D        | Found a viscous altar of Jiyva.
   630 | D        | Found a bloodstained altar of Trog.
   630 | D        | Found an ornate altar of the Wu Jian Council.
   631 | D        | Found an iron altar of Okawaru.
   631 | D        | Found a shadowy altar of Dithmenos.
   631 | D        | Found a glowing silver altar of Zin.
   942 | D        | Found an ancient bone altar of Kikubaaqudgha.
   942 | D        | Found a hide-covered altar of Uskayaw.
   943 | D        | Found a stormy altar of Qazlal.
   943 | D        | Found a white marble altar of Elyvilon.
   943 | D        | Found a glowing golden altar of the Shining One.
   944 | D        | Found a radiant altar of Vehumet.
   944 | D        | Found a corrupted altar of Lugonu.
   953 | D        | Reached skill level 8 in Axes
  1027 | D        | Killed from afar by an oklob sapling wizard

Illustrated notes

Levels and vault maps discovered:
D:        dungeon_sprint_fedhas [sprint_temple]

Skill      XL: |  1  2  3  4  5 |
---------------+----------------+-----
Fighting       | 4 5 6 7 |  7.3
Armour         | 3 4 5 6 |  6.2
Dodging        | 2 3 4 |  4.6
Axes           | 5 6 7 8 |  8.0

Action                     |  1- 3 |  4- 6 || total
---------------------------+-------+-------++-------
  Melee: Hand axe          |    17 |    11 ||    28
 Invoke: Berserk           |     3 |     2 ||     5
Ability: Evoke Invisibilit |       |     1 ||     1
    Use: Scroll            |       |     1 ||     1
  Dodge: Dodged            |    10 |       ||    10

Table legend: (Time is in decaauts)
 A = Elapsed time spent in this place.
 B = Non-inter-level travel time spent in this place.
 C = Inter-level travel time spent in this place.
 D = Time resting spent in this place.
 E = Time spent auto-exploring this place.
 F = Levels seen in this place.
 G = Mean time per level.
                   A        B        C        D        E       F      G
               +--------+--------+--------+--------+--------+-----+--------+
         Total |   1074 |   1074 |      0 |    940 |      0 |   1 | 1074.0 |
       Dungeon |   1074 |   1074 |      0 |    940 |      0 |   1 | 1074.0 |
               +--------+--------+--------+--------+--------+-----+--------+

Top non-repeatable levels by time:
       D: 1074 daAuts
